AoeStats
← DiaperMoogletism

Arena

510935911Analyzed
1v1 RM · 14h ago on Oct 3, 2026· 46m 34s· 2 players
Game mode
Random Map
Map size
Tiny (2 player)
Population
200
Speed
Normal
Resources
Standard
Victory
Conquest
Starting age
Dark Age
Ending age
Imperial Age
RankedLock teamsTeams togetherTeam positionsShared explorationLock speedFull tech treeHidden civsTurbo modeCheats
Victory
Defeat
🇺🇸 Celts · United States
627
+14
🇩🇪 Celts · Germany
584
-14
d.olla
1:23 Loom
11:20 Feudal Age
11:53 Double-Bit Axe
11:53 Horse Collar
25:00 Castle Age
DiaperMoogletism
4:39 Loom
11:02 Feudal Age
9:24 Loom
12:02 Loom
12:17 Man-at-Arms
13:29 Forging
13:51 Double-Bit Axe
13:46 Horse Collar
17:04 Scale Mail Armor
18:38 Fletching
25:51 Gold Mining
31:34 Castle Age
35:46 Bodkin Arrow
37:11 Arson
43:53 Bow Saw
Connection lost

Rejoining the realm…

Still unreachable

The connection could not be restored.

Session expired

The server has moved on; the page needs a fresh start.